 Dungeon Crawl Stone Soup version 0.31-a0-43-g46d131a48f (webtiles) character file.

Game seed: 7584868416029968

100508 Drazool the Warrior (level 15, 0/126 (136) HPs)
             Began as a Demonspawn Fighter on May 18, 2023.
             Was the Champion of Ru.
             Succumbed to a black mamba's poison
             ... on level 1 of the Snake Pit on May 19, 2023.
             The game lasted 01:09:45 (25378 turns).

Drazool the Warrior (Demonspawn Fighter)           Turns: 25378, Time: 01:09:46

HP:   0/126 (136)   AC: 22    Str: 23    XL:     15   Next: 80%
MP:   5/22          EV: 11    Int: 10    God:    Ru [******]
Gold: 2505          SH:  5    Dex: 13    Spells: 24/24 levels left

rFire   + . .        A - +4 morningstar (protect)
rCold   . . .        w - +0 buckler
rNeg    . . .        U - +3 chain mail {rF+}
rPois   .            a - +0 hat
rElec   .            B - +2 cloak
rCorr   .            (no gloves)
SInv    .            (no boots)
Will    +....        y - amulet of guardian spirit Stlth
                     C - ring of protection from cold
HPRegen 0.41/turn    F - ring of protection from fire
MPRegen 0.18/turn

%: guardian spirit
@: lethally poisoned (0 -> -5), exhausted, drained
A: horns 1, demonic guardian 2, ignite blood 2, inability to drink after injury
2, inability to use devices, no conjurations magic, no earth magic, no hexes
magic, temperature sensitive, sharp scales 3
a: Renounce Religion, Draw Out Power, Power Leap, Apocalypse


You were on level 1 of the Snake Pit.
You worshipped Ru.
Ru was exalted by your worship.
You visited 5 branches of the dungeon, and saw 23 of its levels.

You collected 2537 gold pieces.
You spent 32 gold pieces at shops.


Innate Abilities, Weirdness & Mutations

You have a pair of small horns on your head.
A demonic guardian rushes to your aid.
Your demonic aura often causes spilled blood to erupt in flames.
You sometimes lose the ability to drink potions when taking damage.
You cannot study or use magical devices.
You cannot study or cast Conjurations magic.
You cannot study or cast Earth magic.
You cannot study or cast Hexes magic.
You are sensitive to extremes of temperature. (rF-, rC-)
You are completely covered in razor-sharp scales. (AC +3, Slay +3)


   Skills:
 + Level 17.8 Fighting
 - Level 16.0 Maces & Flails
 + Level 12.5 Armour
 - Level 6.0 Dodging
 - Level 6.0 Stealth
 - Level 6.0 Shields
 - Level 5.0 Spellcasting


You had 24 spell levels left.
You didn't know any spells.
Your spell library contained the following spells:

 Spells                   Type           Power      Damage    Failure   Level
 Apportation              Tloc           4%         N/A       73%         1
 Necrotise                Necr           8%         1d4       73%         1
 Cigotuvi's Dreadful Rot  Necr/Pois/Air  4%         N/A       86%         2
 Lesser Beckoning         Tloc           4%         N/A       86%         2
 Call Canine Familiar     Summ           2%         N/A       97%         3
 Gell's Gravitas          Tloc           2%         N/A       97%         3
 Ozocubu's Armour         Ice            2%         N/A       97%         3
 Teleport Other           Tloc           2%         N/A       97%         3
 Vampiric Draining        Necr           2%         2d6       97%         3
 Vhi's Electric Charge    Tloc/Air       4%         N/A       97%         3
 Volatile Blastmotes      Fire/Tloc      4%         2d10      97%         3
 Dispel Undead            Necr           2%         3d7       100%        4
 Agony                    Necr           2%         N/A       100%        5
 Alistair's Intoxication  Tmut/Pois      1%         N/A       100%        5
 Death Channel            Necr           1%         N/A       100%        6
 Dispersal                Tloc           1%         N/A       100%        6
 Plasma Beam              Fire/Air       1%         2x1d12    100%        6
 Simulacrum               Ice/Necr       1%         N/A       100%        6
 Ozocubu's Refrigeration  Ice            1%         4d7       100%        7
 Summon Horrible Things   Summ           1%         N/A       100%        8
 Polar Vortex             Ice            1%         N/A       100%        9
 Foxfire                  Conj/Fire      Unusable   2x1d4     N/A         1
 Dazzling Flash           Conj/Hex       Unusable   N/A       N/A         3
 Portal Projectile        Hex/Tloc       Unusable   N/A       N/A         3
 Flame Wave               Conj/Fire      Unusable   2d4       N/A         4
 Iskenderun's Mystic Bla  Conj/Tloc      Unusable   2d3       N/A         4
 Leda's Liquefaction      Hex/Erth       Unusable   N/A       N/A         4
 Arcjolt                  Conj/Air       Unusable   1d11      N/A         5
 Starburst                Conj/Fire      Unusable   6d3       N/A         6

Inventory:

Hand Weapons
 A - a +4 morningstar of protection (weapon)
 Z - a +3 broad axe
Missiles
 g - 7 boomerangs (quivered)
 i - 9 boomerangs of dispersal {=f}
 j - 13 javelins
 t - a throwing net {=f}
 x - 12 poisoned darts
 W - 5 silver javelins
Armour
 a - a +0 hat (worn)
 s - the +5 chain mail of the Dwarven Hall {Harm Str+5 Dex+4}
   (You took it off a wight on level 9 of the Dungeon)

   Str:       It affects your strength (+5).
   Dex:       It affects your dexterity (+4).
   Harm:      It increases damage dealt and taken.
 w - a +0 buckler (worn)
 B - a +2 cloak (worn)
 U - a +3 chain mail of fire resistance (worn)
Jewellery
 c - a ring of protection from cold
 n - the ring of Wibb {Ice Fly Int+3 Dex+2 Stlth+}
   (You took it off an orc on level 11 of the Dungeon)

   [ring of ice]

   It enhances your ice magic.
   Int:       It affects your intelligence (+3).
   Dex:       It affects your dexterity (+2).
   rF:        It makes you vulnerable to fire.
   rC:        It protects you from cold.
   Fly:       It grants you flight.
   Stlth:     It makes you more stealthy.
 y - an amulet of guardian spirit (around neck)
 C - a ring of protection from cold (left hand)
 F - a ring of protection from fire (right hand)
 I - a +6 ring of intelligence
 L - a ring of flight
 M - a ring of magical power
 N - a ring of positive energy
 P - a ring of poison resistance
 R - a ring of resist corrosion
 Y - a +4 ring of slaying
Scrolls
 b - a scroll of vulnerability
 m - 3 scrolls of magic mapping
 q - 2 scrolls of enchant armour
 v - 5 scrolls of immolation
 E - 2 scrolls of fear
 G - 6 scrolls of teleportation {@r2}
 J - a scroll of amnesia
 O - a scroll of enchant weapon
 Q - 2 scrolls of blinking
 V - a scroll of fog
 X - a scroll of summoning
Potions
 d - 4 potions of might
 e - 4 potions of mutation
 f - 6 potions of heal wounds {@q2}
 h - 10 potions of curing {@q1}
 k - 5 potions of brilliance
 l - 5 potions of cancellation
 o - a potion of ambrosia
 p - 2 potions of berserk rage {!q}
 r - 2 potions of degeneration {unknown}
 u - 2 potions of attraction {unknown}
 z - a potion of lignification
 D - 2 potions of haste {@q3}
 H - 2 potions of flight
 K - a potion of resistance
 S - a potion of magic
 T - a potion of invisibility {unknown}

Dungeon Overview and Level Annotations

Branches:
Dungeon (14/15)            Temple (1/1) D:4            Lair (5/5) D:11
  Swamp (0/4) Lair:2        Snake (1/4) Lair:3          Orc (2/2) D:11
    Elf (0/3) Orc:2        Vaults (0/5) D:14
  Slime: Lair:4-5

Altars:
Ashenzari
Cheibriados
Dithmenos
Fedhas
Gozag
Hepliaklqana
Kikubaaqudgha
Makhleb
Nemelex Xobeh
Okawaru
Qazlal
Ru
Sif Muna
Trog
Uskayaw
Vehumet
Wu Jian
Xom
Yredelemnul
Jiyva

Shops:
Orc:1 *=   Orc:2 ?:(*   Snake:1 =:

Annotations:
D:9 exclusion: oklob plant
Temple 2 transporters
Lair:5 1 runed translucent door, exclusion: 2 oklob plants

▒▒▒▒▒▒▒ ▒.....▒
▒.....▒ ....▒
▒.....▒ ....▒
▒▒▒▒▒.....▒ ....▒
▒▒▒▒▒▒▒........†▒
....▒
▒▒▒▒....3@.▒▒▒.....▒
....▒ ▒...†▒▒▒▒▒▒▒
▒....<▒ ....▒ ▒....▒
▒.....▒ ▓).▒ ▒...▒▒
▒.....▒ ▓..▒▒▒▒...▒
▒▒▒.▒▒▒ ▓.†▒▒.....▒
▒.▒ ▓.....▒...▒ ▒.▒
▓..▒▒▒▒...▒ ▒.
∩..).▒ ▒...▒


You could see a friendly smoke demon (summoned).


Message History

Unknown command.
You hit the black mamba.
The black mamba is heavily wounded.
You feel very sick. The black mamba completely misses you.
Unknown command.
You hit the black mamba. You headbutt the black mamba.
The black mamba is severely wounded.
You feel very sick. You block the black mamba's attack.
The black mamba bites you!
* * * LOW HITPOINT WARNING * * *
A demonic guardian appears!
Unknown command.
* * * LOW HITPOINT WARNING * * *
You feel very sick. The black mamba bites your smoke demon!
Your smoke demon gestures at the black mamba.
The ball of steam hits the black mamba!!
The black mamba dies!
* * * LOW HITPOINT WARNING * * *
You feel very sick.
* * * LOW HITPOINT WARNING * * *
You feel very sick.
You see here a black mamba corpse.
Unknown command.
You cannot drink potions in your current state!
* * * LOW HITPOINT WARNING * * *
You feel sick.
You can drink potions again.
You die...

Skill      XL: |  1  2  3  4  5  6  7  8  9 10 11 12 13 14 15 |
---------------+----------------------------------------------+-----
Maces & Flails | 2 3 4 6 7 8 10 11 14 16 | 16.0
Fighting       | 4 5 6 14 16 17 | 17.8
Armour         | 6 9 10 12 | 12.5
Dodging        | 6 |  6.0
Stealth        | 6 |  6.0
Shields        | 6 |  6.0
Spellcasting   | 5 |  5.0

Action                     |  1- 3 |  4- 6 |  7- 9 | 10-12 | 13-15 || total
---------------------------+-------+-------+-------+-------+-------++-------
  Melee: Flail             |   132 |   118 |   229 |       |       ||   479
         Headbutt          |     9 |    22 |    61 |    53 |   306 ||   451
         Morningstar       |       |       |    17 |   236 |  1145 ||  1398
  Throw: Dart              |       |     1 |     8 |       |       ||     9
         Boomerang         |       |       |     6 |     8 |     4 ||    18
 Invoke: Sacrifice Drink   |       |     1 |       |       |       ||     1
         Sacrifice Artific |       |       |     1 |       |       ||     1
         Apocalypse        |       |       |       |    11 |    10 ||    21
         Power Leap        |       |       |       |     2 |       ||     2
         Sacrifice Resista |       |       |       |     1 |       ||     1
         Draw Out Power    |       |       |       |     1 |       ||     1
         Sacrifice Arcana  |       |       |       |       |     1 ||     1
  Evoke: Wand              |       |       |     2 |       |       ||     2
    Use: Scroll            |     2 |     1 |     5 |     8 |    15 ||    31
         Potion            |       |       |     2 |     2 |     2 ||     6
   Stab: Distracted        |       |       |     1 |       |    10 ||    11
         Invisible         |       |       |     1 |       |     3 ||     4
         Paralysed         |       |       |       |     1 |     9 ||    10
         Petrified         |       |       |       |       |     1 ||     1
 Armour: Scale mail        |    85 |    43 |    63 |       |       ||   191
         Chain mail        |       |       |    27 |   101 |   508 ||   636
         Skin              |       |       |       |     2 |       ||     2
  Dodge: Dodged            |    62 |    50 |    73 |    63 |   400 ||   648
  Block: Buckler           |    31 |    23 |    54 |    34 |   203 ||   345

Levels and vault maps discovered:
D:1:      heliophobic_arrival_ceremonial_halls, layout_loops_corners,
          chequers_ecumenical_altar_island, minmay_tall_x
D:2:      layout_basic, fountainhead, minmay_hexomino_p4
D:3:      layout_basic, interstate_on_off, chequers_mini_garden, minivault_14
D:4:      layout_loops_ring, minmay_temple_entry_antechambers,
          grunt_decor_arrowhead, uniq_natasha
D:5:      layout_basic, nicolae_half_adder
D:6:      layout_gridville, gammafunk_temple_overflow_elements
D:7:      layout_loops_ring, mainiacjoe_overflow_small_starburst,
          minmay_manual_monstrance
D:8:      layout_gridville, minmay_ruined_shrine, uniq_psyche, uniq_maurice
D:9:      minmay_separated_statues, layout_loops_ring,
          mainiacjoe_overflow_boulevard, tgw_fedhas,
          hellmonk_guarded_unrand_sphere_of_battle
D:10:     layout_roguey, moated_statue
D:11:     minmay_complete_graph, layout_loops_ring, david_lair_generic,
          abandoned_shop, solitary_fountain, minmay_alternating_orb
D:12:     layout_irregular_city, serial_ice, serial_ice_k, serial_ice_c,
          serial_ice_f, serial_ice_o, dreamdust_princess_bridge,
          kennysheep_potato
D:13:     layout_layer_cave, xom_confusion_cloud
D:14:     layout_long_grid, skrybe_vaults_entry_preservation, kennysheep_nub,
          hangedman_decor_riveting, lemuel_old_faithful
Temple:   hellmonk_temple_divided_pantheon
Lair:1:   layout_small_grid, serial_bayou_pond_e
Lair:2:   layout_chaotic_city, swamp_mist
Lair:3:   layout_loops_ring, guppyfry_snake_entry_island,
          kennysheep_basilisk_garden, lemuel_fruit_fields
Lair:4:   pond_and_an_island_with_a_cottage, layout_gridlike, grunt_megastairs_5
Lair:5:   hangedman_lair_caniforms_friends, layout_long_grid, wormcave,
          minmay_slime_entry_oklob_enclosed, basic_altar
Snake:1:  layout_rooms, nicolae_snake_herptile_family_reunion, minmay_shop_grove
Orc:1:    layout_caves, serial_shops, nicolae_shop_behind_doors,
          nicolae_alphabet_shops
Orc:2:    st_orc_rangers, layout_caves, basic_altar

Notes
Turn   | Place    | Note
-------+----------+-------------------------------------------
     0 | D:1      | Drazool the Demonspawn Fighter began the quest for the Orb.
     0 | D:1      | Reached XP level 1. HP: 18/18 MP: 1/1
    37 | D:1      | Reached skill level 2 in Maces & Flails
    96 | D:1      | Gained mutation: You are partially covered in razor-sharp
                  | scales. (AC +1, Slay +1) [demonic ancestry]
    96 | D:1      | Reached XP level 2. HP: 24/24 MP: 2/2
   415 | D:1      | Found a faded altar of an unknown god.
   426 | D:1      | Reached skill level 3 in Maces & Flails
   921 | D:1      | Gained mutation: You have a pair of small horns on your
                  | head. [demonic ancestry]
   921 | D:1      | Reached XP level 3. HP: 29/29 MP: 3/3
  1756 | D:2      | Reached skill level 4 in Maces & Flails
  1756 | D:2      | Gained mutation: You are mostly covered in razor-sharp
                  | scales. (AC +2, Slay +2) [demonic ancestry]
  1756 | D:2      | Reached XP level 4. HP: 35/35 MP: 4/4
  2083 | D:3      | You fall into a shaft and drop 1 floor!
  2083 | D:4      | Found a staircase to the Ecumenical Temple.
  2087 | Temple   | Entered the Ecumenical Temple
  2087 | Temple   | Found a transporter.
  2087 | Temple   | Found a transporter.
  2089 | Temple   | Found a transporter.
  2089 | Temple   | Found a transporter.
  2106 | Temple   | Became a worshipper of Ru the Awakened
  2199 | D:4      | Noticed Natasha
  2210 | D:4      | Killed Natasha
  2309 | D:4      | Gained mutation: Your demonic aura sometimes causes spilled
                  | blood to erupt in flames. [demonic ancestry]
  2309 | D:4      | Reached XP level 5. HP: 30/41 MP: 5/5
  2370 | D:4      | Noticed Natasha
  2381 | D:4      | Killed Natasha
  2382 | D:4      | Reached skill level 5 in Maces & Flails
  2995 | D:4      | Noticed a centaur
  3002 | D:4      | Killed a centaur
  3003 | D:4      | Reached skill level 6 in Maces & Flails
  3003 | D:4      | Gained mutation: A weak demonic guardian rushes to your
                  | aid. [demonic ancestry]
  3003 | D:4      | Reached XP level 6. HP: 36/47 MP: 6/6
  3290 | D:4      | Noticed Natasha
  3293 | D:4      | Killed Natasha
  3342 | D:4      | Gained mutation: You occasionally lose the ability to drink
                  | potions when taking damage. [Ru sacrifice]
  3342 | D:4      | Gained mutation: You sometimes lose the ability to drink
                  | potions when taking damage. [Ru sacrifice]
  3342 | D:4      | Reached * piety under Ru
  3713 | D:5      | Entered Level 5 of the Dungeon
  3833 | D:5      | Reached skill level 7 in Maces & Flails
  3833 | D:5      | Reached XP level 7. HP: 45/52 MP: 7/7
  4279 | D:5      | Reached skill level 4 in Fighting
  4532 | D:6      | Reached skill level 8 in Maces & Flails
  4532 | D:6      | Reached XP level 8. HP: 61/61 MP: 8/8
  4584 | D:6      | Reached skill level 5 in Fighting
  5106 | D:6      | HP: 6/62 [orc warrior/+0 morningstar (9)]
  5342 | D:6      | Reached skill level 9 in Maces & Flails
  5653 | D:6      | Found a sparkling altar of Nemelex Xobeh.
  5653 | D:6      | Found an ancient bone altar of Kikubaaqudgha.
  5927 | D:7      | Gained mutation: You cannot study or use magical devices.
                  | [Ru sacrifice]
  5927 | D:7      | Reached ** piety under Ru
  5927 | D:7      | Reached *** piety under Ru
  5927 | D:7      | Reached **** piety under Ru
  5970 | D:7      | Noticed a kobold demonologist
  5977 | D:7      | Noticed a sixfirhy
  5979 | D:7      | Killed a kobold demonologist
  5980 | D:7      | Reached skill level 10 in Maces & Flails
  5980 | D:7      | Reached XP level 9. HP: 49/68 MP: 9/9
  6190 | D:7      | Found a shadowy altar of Dithmenos.
  6267 | D:7      | Reached skill level 3 in Armour
  6595 | D:7      | Noticed a kobold demonologist
  6597 | D:7      | Noticed a troll
  6628 | D:8      | Noticed Psyche
  6632 | D:7      | Noticed a hellwing
  6847 | D:7      | Killed a troll
  7050 | D:8      | Reached skill level 4 in Armour
  7076 | D:8      | Reached skill level 11 in Maces & Flails
  7161 | D:8      | Reached skill level 5 in Armour
  7301 | D:8      | Noticed Maurice
  7339 | D:8      | Killed Maurice
  7430 | D:8      | Reached skill level 6 in Armour
  7430 | D:8      | Gained mutation: You are completely covered in razor-sharp
                  | scales. (AC +3, Slay +3) [demonic ancestry]
  7430 | D:8      | Reached XP level 10. HP: 56/74 MP: 8/10
  7611 | D:8      | Killed Psyche
  7612 | D:8      | Reached skill level 12 in Maces & Flails
  8163 | D:9      | Identified the +5 chain mail of the Dwarven Hall {Harm
                  | Str+5 Dex+4}
  8365 | D:9      | Found a basalt altar of Yredelemnul.
  8389 | D:9      | Identified a potion of resistance
  8483 | D:9      | Noticed an orange crystal statue
  8559 | D:9      | Reached skill level 13 in Maces & Flails
  8737 | D:9      | Gained mutation: You are sensitive to extremes of
                  | temperature. (rF-, rC-) [Ru sacrifice]
  8737 | D:9      | Reached ***** piety under Ru
  8747 | D:9      | Noticed an obsidian statue
  8835 | D:9      | Found the sphere of Battle
  8957 | D:9      | Noticed a two-headed ogre
  8963 | D:9      | Killed an orange crystal statue
  9073 | D:10     | Entered Level 10 of the Dungeon
  9081 | D:10     | Noticed a two-headed ogre
  9086 | D:10     | Killed a two-headed ogre
  9087 | D:10     | Reached skill level 14 in Maces & Flails
  9181 | D:10     | Reached skill level 6 in Fighting
  9181 | D:10     | Gained mutation: Your demonic aura often causes spilled
                  | blood to erupt in flames. [demonic ancestry]
  9181 | D:10     | Reached XP level 11. HP: 81/81 MP: 11/11
  9623 | D:11     | Reached skill level 7 in Fighting
  9637 | D:11     | Reached skill level 8 in Fighting
  9645 | D:11     | Reached skill level 9 in Fighting
  9731 | D:11     | Noticed a deep troll earth mage
  9732 | D:11     | Killed a deep troll earth mage
  9733 | D:11     | Reached skill level 10 in Fighting
  9819 | D:11     | Noticed a flayed ghost
  9820 | D:11     | Noticed an orc knight
  9820 | D:11     | Noticed a sphinx
  9824 | D:11     | Killed a flayed ghost
  9825 | D:11     | Reached skill level 11 in Fighting
  9943 | D:11     | Killed an orc knight
  9944 | D:11     | Reached skill level 12 in Fighting
 10058 | D:11     | Noticed a two-headed ogre
 10071 | D:11     | Killed a two-headed ogre
 10072 | D:11     | Reached skill level 13 in Fighting
 10200 | D:11     | Noticed a fire dragon
 10226 | D:11     | Noticed a fire dragon
 10231 | D:11     | Killed a fire dragon
 10232 | D:11     | Reached skill level 14 in Fighting
 10234 | D:11     | Noticed a frost giant
 10236 | D:11     | Noticed a frost giant
 10237 | D:11     | Noticed a seven-headed hydra
 10816 | D:10     | Reached XP level 12. HP: 54/108 MP: 5/12
 11009 | D:11     | Killed a frost giant
 11010 | D:11     | Reached skill level 15 in Fighting
 11101 | D:11     | Noticed a two-headed ogre
 11105 | D:11     | Killed a two-headed ogre
 11106 | D:11     | Reached skill level 1 in Dodging
 11126 | D:11     | Reached skill level 2 in Dodging
 11153 | D:11     | Killed a frost giant
 11154 | D:11     | Reached skill level 3 in Dodging
 11286 | D:11     | Noticed a death knight
 11287 | D:11     | Noticed a boulder beetle
 11329 | D:11     | Killed a boulder beetle
 11330 | D:11     | Reached skill level 4 in Dodging
 11632 | D:11     | Identified the ring of Wibb {Ice Fly Int+3 Dex+2 Stlth+}
 11633 | D:11     | Noticed a six-headed hydra
 11637 | D:11     | Killed a six-headed hydra
 11638 | D:11     | Reached skill level 5 in Dodging
 11728 | D:11     | Killed a fire dragon
 11732 | D:11     | Reached skill level 6 in Dodging
 11746 | D:11     | Noticed a two-headed ogre
 11749 | D:11     | Killed a sphinx
 11752 | D:11     | Killed a two-headed ogre
 11849 | D:11     | Noticed an ettin
 11856 | D:11     | Killed an ettin
 11857 | D:11     | Reached skill level 16 in Fighting
 12026 | D:11     | Killed a seven-headed hydra
 12186 | D:11     | Killed a death knight
 12295 | D:11     | Identified the +7 hand axe of Makhleb's Respect {flame,
                  | rElec Will+}
 12298 | D:11     | Identified the +3 dagger of Diet Blood {elec, rPois rF+ rN+
                  | Dex+2}
 12315 | D:11     | Reached XP level 13. HP: 94/95 MP: 13/13
 12418 | D:11     | Found a staircase to the Lair.
 12569 | D:11     | Found a staircase to the Orcish Mines.
 12576 | D:11     | Gained mutation: You cannot study or cast Earth magic. [Ru
                  | sacrifice]
 12576 | D:11     | Gained mutation: You cannot study or cast Hexes magic. [Ru
                  | sacrifice]
 12576 | D:11     | Gained mutation: You cannot study or cast Conjurations
                  | magic. [Ru sacrifice]
 12576 | D:11     | Reached ****** piety under Ru
 12878 | D:12     | Reached skill level 15 in Maces & Flails
 13826 | Lair:1   | Entered Level 1 of the Lair of Beasts
 13947 | Lair:1   | Reached skill level 16 in Maces & Flails
 14265 | Lair:1   | Reached skill level 7 in Armour
 14824 | Lair:2   | Reached skill level 8 in Armour
 14961 | Lair:2   | Got the Almanac of Charred Leadership
 15143 | Lair:2   | Reached skill level 9 in Armour
 15478 | Lair:2   | Found a staircase to the Swamp.
 15811 | Lair:3   | Found a staircase to the Snake Pit.
 16278 | Lair:3   | Reached XP level 14. HP: 123/125 MP: 12/14
 16288 | Lair:3   | Reached skill level 10 in Armour
 16302 | Lair:3   | Reached skill level 1 in Stealth
 16334 | Lair:3   | Reached skill level 3 in Shields
 16373 | Lair:3   | Reached skill level 2 in Stealth
 17115 | Lair:4   | Reached skill level 3 in Stealth
 17115 | Lair:4   | Reached skill level 4 in Shields
 17737 | Lair:4   | Reached skill level 4 in Stealth
 17758 | Lair:4   | Reached skill level 5 in Shields
 17932 | Lair:5   | Entered Level 5 of the Lair of Beasts
 18059 | Lair:5   | Found a viscous altar of Jiyva.
 18180 | Lair:5   | Reached skill level 5 in Stealth
 18347 | Lair:5   | Found an ancient bone altar of Kikubaaqudgha.
 18471 | Lair:5   | Reached skill level 6 in Shields
 18485 | Lair:5   | Reached skill level 6 in Stealth
 18485 | Lair:5   | Reached skill level 2 in Spellcasting
 18519 | Lair:5   | Reached skill level 3 in Spellcasting
 18725 | Lair:5   | Identified a +0 crystal plate armour
 18744 | Lair:5   | Reached skill level 4 in Spellcasting
 18897 | Lair:5   | Reached skill level 5 in Spellcasting
 19020 | Lair:5   | Found a runed translucent door.
 19218 | Lair:5   | Paralysed by a hornet for 1 turns
 19261 | Lair:5   | Paralysed by a hornet for 3 turns
 19940 | Orc:1    | Entered Level 1 of the Orcish Mines
 19945 | Orc:1    | Gained mutation: A demonic guardian rushes to your aid.
                  | [demonic ancestry]
 19945 | Orc:1    | Reached XP level 15. HP: 90/95 MP: 10/22
 20158 | Orc:1    | Found Imaoror's Incredible Inventory.
 20538 | Orc:1    | Found Sock's Jewellery Boutique.
 20608 | Orc:2    | Entered Level 2 of the Orcish Mines
 20833 | Orc:2    | Reached skill level 11 in Armour
 21223 | Orc:2    | Found a staircase to the Elven Halls.
 21706 | Orc:2    | Found Biadifui's Antique Weapon Emporium.
 21706 | Orc:2    | Found Bojuefaa's Book Boutique.
 21708 | Orc:2    | Found Deegov's Magic Scroll Shop.
 21710 | Orc:2    | Found Jaweu's General Store.
 21718 | Orc:2    | Bought a scroll of identify for 32 gold pieces
 22410 | D:13     | Reached skill level 17 in Fighting
 22848 | D:13     | Found a shimmering altar of Xom.
 23712 | D:14     | Found a gate to the Vaults.
 23733 | D:14     | Reached skill level 12 in Armour
 24785 | D:9      | Found a blossoming altar of Fedhas.
 25192 | Snake:1  | Entered Level 1 of the Snake Pit
 25334 | Snake:1  | Found Siblaeg's Book Shop.
 25352 | Snake:1  | Found Sianlefu's Jewellery Shoppe.
 25357 | Snake:1  | HP: 12/125 [poisoned by a black mamba]
 25362 | Snake:1  | HP: 9/125 [poisoned by a black mamba]
 25373 | Snake:1  | HP: 10/125 [black mamba (7)]
 25375 | Snake:1  | HP: 4/126 [poisoned by a black mamba]
 25377 | Snake:1  | HP: 1/126 [poisoned by a black mamba]
 25378 | Snake:1  | Succumbed to a black mamba's poison

Vanquished Creatures
  A sphinx (D:11)
  2 frost giants (D:11)
  An ironbound preserver (D:14)
  An orc warlord (Orc:2)
  An ettin (D:11)
  2 fire dragons (D:11)
  6 hydras
  A catoblepas (Lair:5)
  4 centaur warriors
  7 two-headed ogres
  4 boulder beetles
  2 anacondas (Snake:1)
  3 death knights
  A deep troll earth mage (D:11)
  6 death yaks (Lair:5)
  A skyshark (Lair:3)
  A fire crab (D:11)
  A skeletal warrior (D:14)
  A naga ritualist (Snake:1)
  An orange crystal statue (D:9)
  A flayed ghost (D:11)
  A lindwurm (Lair:5)
  An obsidian statue (D:9)
  A necromancer (Lair:4)
  6 orc knights
  3 deep elf pyromancers (D:12)
  9 ugly things
  4 cyclopes
  2 orc sorcerers (Orc:2)
  7 black mambas
  4 slime creatures (D:13)
  5 manticores
  14 elephants
  Maurice (D:8)
  6 torpor snails
  4 gargoyles
  5 cane toads
  An efreet (D:11)
  2 unseen horrors (D:11)
  A freezing wraith (D:14)
  Psyche (D:8)
  5 kobold demonologists
  3 rime drakes
  A komodo dragon (Lair:1)
  2 tengu conjurers (D:9)
  4 tyrant leeches (Lair:5)
  8 trolls
  3 raiju (Lair:5)
  9 hornets
  11 polar bears
  23 blink frogs
  4 vampires
  3 shadows
  A culicivora (shapeshifter) (D:14)
  A water elemental (D:12)
  7 wraiths
  4 wyverns
  48 yaks
  A human (shapeshifter) (D:13)
  7 basilisks
  A golden eye (shapeshifter) (D:13)
  3 steam dragons
  2 nagas
  9 wargs
  14 hell hounds (Lair:5)
  10 water moccasins
  2 sky beasts (D:6)
  47 orc warriors
  2 elephant zombies (Lair:4)
  2 meliai simulacra
  12 black bears
  2 ice beasts (D:12)
  37 wolves
  7 ogres
  A phantom (D:5)
  19 centaurs
  2 kobold brigands
  A gnoll sergeant (D:12)
  A komodo dragon zombie (Lair:4)
  15 bullfrogs
  A scorpion (D:5)
  5 wights
  5 killer bees
  3 howler monkeys
  6 electric eels
  A jelly (D:7)
  4 hounds
  2 basilisk zombies (Lair:4)
  17 orc priests
  2 iguanas (D:6)
  25 orc wizards
  Natasha (thrice) (D:4)
  2 sleepcaps
  11 gnolls
  14 adders
  A shadow imp (D:5)
  4 white imps
  2 ufetubi
  2 worms
  6 dart slugs
  67 orcs
  6 endoplasms
  5 giant cockroaches
  10 goblins
  9 hobgoblins
  7 jackals
  6 quokkas
  5 ball pythons
  10 bats
  A frilled lizard (D:1)
  7 kobolds
  4 rats
713 creatures vanquished.

Vanquished Creatures (collateral kills)
  An elephant (Lair:3)
  A black mamba (Snake:1)
  A tengu conjurer (D:9)
  A yak (Lair:1)
  An orc wizard (Orc:2)
  A hobgoblin (D:4)
6 creatures vanquished.

Vanquished Creatures (others)
  A boulder beetle (D:14)
  A manticore (D:14)
  A torpor snail (Lair:5)
  A yak (D:8)
  A centaur (D:11)
  An orc priest (D:5)
  A gnoll (D:12)
  A shadow imp (D:7)
  3 orcs
11 creatures vanquished.

Grand Total: 730 creatures vanquished

Table legend: (Time is in decaauts)
 A = Elapsed time spent in this place.
 B = Non-inter-level travel time spent in this place.
 C = Inter-level travel time spent in this place.
 D = Time resting spent in this place.
 E = Time spent auto-exploring this place.
 F = Levels seen in this place.
 G = Mean time per level.
                   A        B        C        D        E       F      G
               +--------+--------+--------+--------+--------+-----+--------+
         Total |  25175 |  23470 |   1705 |   2878 |  16332 |  23 | 1094.6 |
       Dungeon |  16993 |  15805 |   1188 |   2298 |  10842 |  14 | 1213.8 |
        Temple |     30 |     22 |      8 |      0 |      6 |   1 |   30.0 |
          Lair |   6092 |   5697 |    395 |    300 |   4270 |   5 | 1218.4 |
     Snake Pit |    177 |    177 |      0 |    100 |     19 |   1 |  177.0 |
  Orcish Mines |   1881 |   1768 |    113 |    180 |   1195 |   2 |  940.5 |
               +--------+--------+--------+--------+--------+-----+--------+

Top non-repeatable levels by time:
    D:10: 2071 daAuts
    D:11: 1923 daAuts
  Lair:5: 1676 daAuts
     D:6: 1496 daAuts
  Lair:4: 1406 daAuts
     D:9: 1311 daAuts
    D:13: 1299 daAuts
    D:14: 1291 daAuts
     D:7: 1123 daAuts
    D:12: 1091 daAuts
   Orc:2: 1081 daAuts
  Lair:3: 1081 daAuts
     D:2: 1073 daAuts
     D:4: 1036 daAuts
  Lair:1: 1019 daAuts

Table legend:
 A = Non-vault XP
 B = Vault XP
 C = Vault XP percentage of total XP
 D = Non-vault monster count
 E = Vault monster count
 F = Vault count percentage of total count
                 A         B        C        D         E       F
            +---------+---------+-------+---------+---------+-------
      Total |   81500 |   62084 |  43.2 |     490 |     235 |  32.4
            +---------+---------+-------+---------+---------+-------
        D:1 |      35 |       8 |  18.6 |      19 |       4 |  17.4
        D:2 |      55 |       7 |  11.3 |      25 |       3 |  10.7
        D:3 |     100 |       0 |   0.0 |      22 |       0 |   0.0
        D:4 |     308 |      35 |  10.2 |      17 |       1 |   5.6
        D:5 |     601 |      65 |   9.8 |      18 |       5 |  21.7
        D:6 |    1254 |       0 |   0.0 |      23 |       0 |   0.0
        D:7 |     692 |     467 |  40.3 |       6 |       3 |  33.3
        D:8 |     991 |    1762 |  64.0 |      16 |      12 |  42.9
        D:9 |     872 |    2363 |  73.0 |      25 |       5 |  16.7
       D:10 |    2508 |    1156 |  31.6 |      17 |       4 |  19.0
       D:11 |    4082 |   21847 |  84.3 |      19 |      47 |  71.2
       D:12 |    5079 |    1784 |  26.0 |      14 |      12 |  46.2
       D:13 |    3874 |    3280 |  45.8 |       8 |       6 |  42.9
       D:14 |    8185 |    5692 |  41.0 |      20 |       9 |  31.0
     Lair:1 |    9694 |       0 |   0.0 |      49 |       0 |   0.0
     Lair:2 |    4972 |       0 |   0.0 |      18 |       0 |   0.0
     Lair:3 |    7637 |     892 |  10.5 |      27 |       5 |  15.6
     Lair:4 |    6343 |    1841 |  22.5 |      25 |       8 |  24.2
     Lair:5 |   10224 |   15781 |  60.7 |      27 |      73 |  73.0
    Snake:1 |    5166 |       0 |   0.0 |      10 |       0 |   0.0
      Orc:1 |    3431 |       0 |   0.0 |      41 |       0 |   0.0
      Orc:2 |    5397 |    5104 |  48.6 |      44 |      38 |  46.3
            +---------+---------+-------+---------+---------+-------
